 Dungeon Crawl Stone Soup version 0.26.1-11-gd32895ea62 (webtiles) character file.

Game seed: 10647529990384710223

1311 hawla the Destroyer (level 8, -2/42 HPs)
             Began as a Deep Elf Conjurer on May 25, 2021.
             Killed from afar by an orc wizard (6 damage)
             ... with a magic dart
             ... on level 6 of the Dungeon on May 26, 2021.
             The game lasted 00:15:30 (6866 turns).

hawla the Destroyer (Deep Elf Conjurer)             Turns: 6866, Time: 00:15:31

Health: -2/42      AC:  4    Str:  4    XL:     8   Next: 32%
Magic:  9/16       EV: 13    Int: 32    God:
Gold:   416        SH:  0    Dex: 13    Spells: 8/15 levels left

rFire    . . .     SeeInvis +   r - +1 quarterstaff
rCold    . . .     Faith    .   (shield currently unavailable)
rNeg     . . .     Spirit   .   a - +0 robe
rPois    .         Reflect  .   (no helmet)
rElec    .         Harm     .   t - +1 cloak
rCorr    .         Rampage  .   (no gloves)
Will     .....     Clarity  +   (no boots)
Stlth    ++........             (no amulet)
HPRegen  0.14/turn              x - ring of see invisible
MPRegen  0.15/turn              h - +6 ring of intelligence

@: attractive, flying, very slightly contaminated, invisible
A: hooves 1, clarity
a: no special abilities


You were on level 6 of the Dungeon.
You visited 2 branches of the dungeon, and saw 7 of its levels.

You collected 416 gold pieces.

Inventory:

Hand Weapons
 r - a +1 quarterstaff (weapon)
Missiles
 f - 6 boomerangs
 j - 28 poisoned darts (quivered)
 v - 5 silver javelins
Armour
 a - a +0 robe (worn)
 t - a +1 cloak (worn)
Jewellery
 h - a +6 ring of intelligence (right hand)
 i - an uncursed ring of positive energy
 x - a ring of see invisible (left hand)
Wands
 c - a wand of disintegration (14)
 q - a wand of iceblast (3)
Scrolls
 k - a scroll of identify
 m - a scroll of blinking
 n - a scroll of remove curse
Potions
 b - a potion of might
 d - a potion of resistance
 e - a potion of flight
 l - a potion of attraction
 o - a potion of haste
 p - a potion of heal wounds {unknown}
 s - 3 potions of magic {unknown}
 u - 2 potions of curing {unknown}
 w - 3 potions of brilliance {unknown}


   Skills:
 - Level 0.5 Fighting
 - Level 2.4 Dodging
 - Level 2.4 Stealth
 - Level 4.0 Spellcasting
 + Level 9.9 Conjurations
 - Level 6.0 Translocations


You had 8 spell levels left.
You knew the following spells:

 Your Spells              Type           Power        Failure   Level
a - Magic Dart            Conj           100%         1%          1
b - Searing Ray           Conj           100%         1%          2
c - Iskenderun's Mystic   Conj/Tloc      55%          2%          4

Your spell library contained the following spells:

 Spells                   Type           Power        Failure   Level
 Dazzling Flash           Conj/Hex       76%          2%          3
 Corona                   Hex            6%           5%          1
 Fulminant Prism          Conj/Hex       19%          8%          4
 Ensorcelled Hibernation  Hex/Ice        12%          9%          2
 Confusing Touch          Hex            6%           17%         3
 Tukima's Dance           Hex            6%           17%         3


Dungeon Overview and Level Annotations

Branches:
Dungeon (6/15)             Temple (1/1) D:4

Altars:
Ashenzari
Cheibriados
Dithmenos
Fedhas
Gozag
Hepliaklqana
Kikubaaqudgha
Makhleb
Ru
Sif Muna
Trog
Uskayaw
Xom
Yredelemnul

Shops:
D:6 ?


Innate Abilities, Weirdness & Mutations

You have large cloven feet.
You possess an exceptional clarity of mind.


Message History

(Press . to maintain the ray.)
The orc priest invokes the aid of Beogh against you.
Beogh smites you!
The searing ray misses the orc priest.
The searing ray misses the orc wizard.
The orc priest invokes the aid of Beogh against you.
Pain shoots through your body!
* * * LOW HITPOINT WARNING * * *
It was a potion of flight.
You feel very buoyant.
You fly up into the air.
The orc priest calls down the wrath of Beogh upon you.
You struggle to resist.
It was a potion of invisibility.
You fade into invisibility!
You are very lightly contaminated with residual magic.
It was a potion of attraction.
You feel attractive to monsters.
The orc wizard points at you and mumbles some strange words.
The magic dart hits you.
You die...

..).#
######.###..#≈≈≈≈
#.###
#.#...........##≈≈≈
#.#
#.#.#####.###.###.#
#.# #.
#.............# #.#
#. #...#..##.#####
#.# #. #####..##.#
#.# ### #.
....#.##### #.#
....<#)#####
###.#.#.... #.#
#..oo)@...#
...#....
#.###.###.#
#..#.... #.###.#
##'## #.#...# #.#
#.#.####### #.#
#.......... #.#
#...####### #.#
#.....#<# #)#
#.....#.# #.##


You could see an orc priest and an orc wizard (invisible).

Vanquished Creatures
  Eustachio (D:5)
  Menkaure (D:5)
  A water moccasin (D:5)
  2 ogres
  A bullfrog (D:6)
  A scorpion (D:6)
  4 wights (D:6)
  A howler monkey (D:6)
  A bullfrog zombie (D:2)
  A jelly (D:5)
  An orc priest (D:3)
  3 orc wizards
  An iguana (D:6)
  2 worker ants
  A killer bee zombie (D:4)
  A howler monkey skeleton (D:4)
  5 adders
  2 shadow imps (D:5)
  A white imp (D:6)
  An ufetubus (D:5)
  2 oozes
  2 worms
  3 adder skeletons (D:4)
  2 dart slugs (D:1)
  2 leopard geckos
  16 orcs
  5 giant cockroaches
  10 hobgoblins
  2 quokkas
  A bat (D:1)
  7 frilled lizards
  A giant cockroach zombie (D:6)
  6 goblins
  2 kobolds
  11 rats
104 creatures vanquished.

Notes
Turn   | Place    | Note
-------+----------+-------------------------------------------
     0 | D:1      | hawla the Deep Elf Conjurer began the quest for the Orb.
     0 | D:1      | Reached XP level 1. HP: 10/10 MP: 6/6
   258 | D:1      | Reached XP level 2. HP: 16/16 MP: 2/8
   261 | D:1      | Learned a level 2 spell: Searing Ray
   363 | D:1      | Reached skill level 1 in Translocations
   974 | D:2      | Found an opulent altar of Gozag.
  1001 | D:2      | Reached XP level 3. HP: 20/20 MP: 2/10
  1125 | D:2      | Found a snail-covered altar of Cheibriados.
  1150 | D:2      | Found a sacrificial altar of Ru.
  1415 | D:2      | Reached skill level 5 in Conjurations
  1415 | D:2      | Reached XP level 4. HP: 14/24 MP: 6/12
  1420 | D:2      | Learned a level 4 spell: Iskenderun's Mystic Blast
  1837 | D:2      | Found a shimmering altar of Xom.
  1933 | D:2      | Found an ancient bone altar of Kikubaaqudgha.
  2250 | D:3      | Reached XP level 5. HP: 28/28 MP: 1/13
  2766 | D:3      | Noticed an ogre
  2773 | D:3      | Killed an ogre
  2774 | D:3      | Reached skill level 6 in Conjurations
  2774 | D:3      | Reached XP level 6. HP: 33/33 MP: 2/14
  4072 | D:4      | Found a staircase to the Ecumenical Temple.
  4079 | Temple   | Entered the Ecumenical Temple
  4277 | Temple   | Gained mutation: You have large cloven feet. [potion of
                  | mutation]
  4277 | Temple   | Gained mutation: You possess an exceptional clarity of
                  | mind. [potion of mutation]
  4635 | D:5      | Entered Level 5 of the Dungeon
  5038 | D:5      | Noticed Menkaure
  5041 | D:5      | Killed Menkaure
  5042 | D:5      | Reached skill level 7 in Conjurations
  5042 | D:5      | Reached skill level 5 in Translocations
  5042 | D:5      | Reached XP level 7. HP: 37/37 MP: 11/15
  5122 | D:5      | Noticed Eustachio
  5131 | D:5      | Killed Eustachio
  5236 | D:5      | Reached skill level 8 in Conjurations
  5949 | D:6      | Reached skill level 9 in Conjurations
  5949 | D:6      | Reached XP level 8. HP: 42/42 MP: 6/16
  6078 | D:6      | Found Raoskidi's Magic Scroll Shoppe.
  6866 | D:6      | Killed from afar by an orc wizard

Illustrated notes

Levels and vault maps discovered:
D:1:      lightli_arrival_flooded_house, layout_loops_cross
D:2:      layout_basic, nicolae_overflow_crystal_walls,
          nicolae_overflow_quartered_altars, minivault_14
D:3:      layout_loops_corners
D:4:      layout_basic, minmay_temple_entry_hall
D:5:      layout_loops_ring, uniq_eustachio, uniq_menkaure
D:6:      layout_basic, serial_shops, nicolae_shop_waterfront, serial_glass,
          glass_columns_a, glass_columns_a
Temple:   jpeg_temple_island

Skill      XL: |  1  2  3  4  5  6  7 |
---------------+----------------------+-----
Translocations | 1 2 3 4 5 6 |  6.0
Spellcasting   | 4 |  4.0
Conjurations   | 5 6 7 9 |  9.9
Fighting       | |  0.5
Dodging        | |  2.4
Stealth        | |  2.4

Action                   |  1- 3 |  4- 6 |  7- 9 || total
-------------------------+-------+-------+-------++-------
Melee: Unarmed           |     4 |       |       ||     4
       Quarterstaff      |       |    38 |    14 ||    52
       Kick              |       |     1 |     2 ||     3
 Cast: Magic Dart        |    27 |    12 |     5 ||    44
       Searing Ray       |    14 |    26 |    20 ||    60
       Iskenderun's Myst |       |     5 |     4 ||     9
  Use: Scroll            |       |    12 |       ||    12
       Potion            |       |     4 |     3 ||     7
 Stab: Sleeping          |       |     3 |       ||     3
Armor: Robe              |     9 |     4 |     5 ||    18
       Skin              |       |     6 |       ||     6
Dodge: Dodged            |    11 |    28 |    11 ||    50
